 Dungeon Crawl Stone Soup version 0.31-a0-931-g7b59d4eb97 (webtiles) character file.

Game seed: 16993437595365681047

75621 scionoferis the Severer (level 15, -7/141 HPs)
             Began as a Minotaur Chaos Knight on Oct 19, 2023.
             Was a Plaything of Xom.
             Mangled by Ithuta Obua's ghost (31 damage)
             ... on level 13 of the Dungeon.
             The game lasted 01:03:51 (20874 turns).

scionoferis the Severer (Minotaur Chaos Knight)    Turns: 20874, Time: 01:03:51

Health: -7/141     AC: 13    Str: 20    XL:     15   Next: 10%
Magic:  9/12       EV: 20    Int:  9    God:    Xom [..*...]
Gold:   2131       SH:  0    Dex: 17    Spells: 9/14 levels left

rFire   + . .        b - +0 broad axe
rCold   + . .        A - orb {light}
rNeg    . . .        D - +3 ring mail {rC+}
rPois   +            (helmet restricted)
rElec   .            K - scarf {repulsion}
rCorr   .            E - +2 pair of gloves {Dex+3}
SInv    .            k - +0 pair of boots
Will    +....        u - amulet of faith
Stlth   +            p - +4 ring of slaying
HPRegen 0.43/turn    J - ring of protection from fire
MPRegen 0.13/turn

%: repel missiles, faith
@: glowing, studying Short Blades
A: horns 2, retaliatory headbutt, claws 1, fangs 1, talons 1, deformed body, low
MP 1, poison resistance, shaggy fur 1, teleportitis 1, MP-powered wands, sturdy
frame 1
a: Renounce Religion


You were on level 13 of the Dungeon.
You worshipped Xom.
You were a toy of Xom.
You visited 2 branches of the dungeon, and saw 18 of its levels.
You also visited: Bailey.

You collected 2329 gold pieces.
You spent 198 gold pieces at shops.


Innate Abilities, Weirdness & Mutations

You have a pair of horns on your head.
You reflexively headbutt those who attack you in melee.
You have sharp fingernails.
You have very sharp teeth.
You have sharp toenails.
Armour fits poorly on your strangely shaped body.
Your magical capacity is low. (-10% MP)
Your system is resistant to poisons. (rPois)
You are covered in fur. (AC +1)
You are occasionally teleported next to monsters.
You expend magic power (3 MP) to strengthen your wands.
Your movements are slightly less encumbered by armour. (ER -2)


   Skills:
 - Level 15.0 Fighting
 - Level 18.0 Axes
 - Level 10.0 Armour
 * Level 14.3 Dodging
 + Level 8.5 Shields
 - Level 9.0 Evocations


You had 9 spell levels left.
You knew the following spells:

 Your Spells              Type           Power      Damage    Failure   Level
a - Apportation           Tloc           0%         N/A       45%         1
b - Vhi's Electric Charg  Tloc/Air       0%         N/A       99%         4

Your spell library contained the following spells:

 Spells                   Type           Power      Damage    Failure   Level
 Necrotise                Necr           0%         1d4       45%         1
 Sting                    Tmut/Pois      0%         1d3       45%         1
 Jinxbite                 Hex            0%         N/A       58%         2
 Lesser Beckoning         Tloc           0%         N/A       58%         2
 Momentum Strike          Conj/Tloc      0%         3d8       58%         2
 Poisonous Vapours        Pois/Air       0%         N/A       58%         2
 Gell's Gravitas          Tloc           0%         N/A       83%         3
 Teleport Other           Tloc           0%         N/A       83%         3
 Vampiric Draining        Necr           0%         2d6       83%         3
 Animate Dead             Necr           0%         N/A       99%         4
 Olgreb's Toxic Radiance  Pois           0%         N/A       99%         4
 Agony                    Necr           0%         N/A       100%        5
 Alistair's Intoxication  Tmut/Pois      0%         N/A       100%        5
 Starburst                Conj/Fire      0%         6d3       100%        6
 Haunt                    Necr/Summ      0%         N/A       100%        7
 Malign Gateway           Summ/Tloc      0%         N/A       100%        7
 Disjunction              Tloc           0%         N/A       100%        8
 Infestation              Necr           0%         N/A       100%        8
 Summon Horrible Things   Summ           0%         N/A       100%        8

Inventory:

Hand Weapons
 a - a +0 hand axe of chaos
 b - a +0 broad axe (weapon)
   (You took it off an orc warrior on level 8 of the Dungeon)
Missiles
 d - 12 boomerangs
 v - a throwing net
 L - 39 poisoned darts (quivered)
 M - 3 darts of dispersal
 S - 5 javelins
 Y - a curare-tipped dart
Armour
 k - a +0 pair of boots (worn)
   (You found it on level 2 of the Dungeon)
 o - a +0 kite shield
   (You found it on level 2 of the Dungeon)
 q - a +0 buckler
   (You took it off a tengu conjurer on level 13 of the Dungeon)
 A - an orb of light (worn)
   (You found it on level 4 of the Dungeon)
 D - a +3 ring mail of cold resistance (worn)
   (You took it off Ijyb on level 4 of the Dungeon)
 E - a +2 pair of gloves of dexterity (worn)
   (Xom gifted it to you on level 4 of the Dungeon)
 H - a +0 chain mail of fire resistance
   (You found it on level 5 of the Dungeon)
 K - a scarf of repulsion (worn)
   (You found it on level 6 of the Dungeon)
Jewellery
 p - a +4 ring of slaying (left hand)
   (You found it on level 3 of the Dungeon)
 u - an amulet of faith (around neck)
   (You found it on level 5 of the Lair of Beasts)
 B - a ring of protection from cold
   (You found it on level 5 of the Lair of Beasts)
 J - a ring of protection from fire (right hand)
   (You found it on level 5 of the Lair of Beasts)
 N - a +4 ring of protection
   (You found it on level 12 of the Dungeon)
Wands
 s - a wand of flame (8)
   (You found it on level 5 of the Lair of Beasts)
 t - a wand of polymorph (4)
   (You found it on level 4 of the Lair of Beasts)
 x - a wand of light (6)
   (You took it off Nessos on level 12 of the Dungeon)
 y - a wand of charming (12)
   (You took it off Maggie on level 7 of the Dungeon)
 C - a wand of iceblast (10)
   (You took it off Ijyb on level 4 of the Dungeon)
 P - a wand of digging (5)
   (You found it on level 10 of the Dungeon)
Scrolls
 c - a scroll of butterflies
 e - 2 scrolls of poison
 f - 2 scrolls of acquirement
 j - 2 scrolls of fear
 m - 2 scrolls of blinking
 n - a scroll of identify
 r - 3 scrolls of silence
 F - 2 scrolls of summoning
 G - 7 scrolls of teleportation
 U - a scroll of revelation {unknown}
 W - a scroll of vulnerability {unknown}
 X - a scroll of immolation {unknown}
 Z - a scroll of torment {unknown}
Potions
 g - 9 potions of curing
 h - 4 potions of haste
 i - a potion of invisibility {unknown}
 l - 5 potions of might
 w - 4 potions of heal wounds
 z - 4 potions of enlightenment
 I - a potion of magic {unknown}
 O - a potion of attraction {unknown}
 Q - 2 potions of mutation {unknown}
 R - 2 potions of brilliance {unknown}
 T - a potion of cancellation {unknown}
 V - a potion of resistance {unknown}

Dungeon Overview and Level Annotations

Branches:
Dungeon (13/15)            Temple (0/1) D:4            Lair (5/5) D:11
 Shoals (0/4) Lair:3        Snake (0/4) Lair:2        Slime (0/5) Lair:5
    Orc (0/2) D:10         Bailey (visited)
 Vaults: D:13-14

Altars:
Ashenzari
Elyvilon
Nemelex Xobeh
Qazlal
Xom
The Shining One

Shops:
D:8 *(=   D:10 [   D:11 :*=*

Portals:
Trove: D:11 (give 15 scrolls of teleportation)

Annotations:
D:10 ! Storm Dragon
D:13 Ithuta Obua's ghost, journeyman MiBe

.....#.###.#####.......# #.#
........##.............# #.#
........##..#####......# #.#
#.....###...# #..#...# #.#
##._..##..#.#####..#c..# #.#
####.#...#.............# ###.#
.####...##..####..c#...#####...#
...............c....[..()..#.###
.#...##.........@.....####.#.#
.#......###.####W9####.......#
######### #.##..~~§§§#####(.)#
.# ###..8.#§≈## ##)(.# .#
#.#.~.§§# #[...# .# ##~≈|§)#≈#
#.#..# .# ###.#≈### #.#..# .#
##### #.#..#### .# #.#.....>


You could see Ithuta Obua's ghost (ally target), a friendly centaur warrior
(summoned), a friendly gargoyle (summoned) and 2 friendly centaurs.


Message History

You slash the polar bear! You headbutt the polar bear!
The polar bear is heavily wounded.
You barely miss the polar bear. You headbutt the polar bear!
The polar bear is severely wounded.
The polar bear goes berserk!
You hit the polar bear. You headbutt the polar bear!
You kill the polar bear!
Things that are here:
a polar bear corpse; a polar bear corpse An electric eel comes into view.
Found a chain mail.
Found 17 gold pieces and 5 stones.
The electric eel shoots out a bolt of lightning at you!
The bolt of electricity misses you.
The electric eel shoots out a bolt of lightning at you!
The bolt of electricity hits you but does no damage.
The bolt of electricity hits you.
The bolt of electricity hits the electric eel.
The electric eel completely resists.
You slash the electric eel!
The electric eel seems to slow down.
You freeze the electric eel.
The electric eel is heavily wounded.
You barely miss the electric eel. You headbutt the electric eel.
You bite the electric eel, but do no damage.
The electric eel is almost dead.
You hit the electric eel.
The electric eel resists with some effort.
The electric eel is almost dead.
You slice the electric eel!! You burn the electric eel.
You kill the electric eel!
C - a wand of iceblast (15) (gained 4 charges)
You now have 1341 gold pieces (gained 17).
Things that are here:
a polar bear corpse; a polar bear corpse Done exploring.
Search for what [Enter for "broad", or ? for help]?
Okay, then.
Unknown command.
Search for what [Enter for "broad", or ? for help]? lair What level of the Dungeon? (default 11, ? - help)
There is a stone staircase leading up here.
You climb upwards.
There is a stone staircase leading down here.
There is a stone staircase leading up here.
You climb upwards.
There is a stone staircase leading down here.
There is a stone staircase leading up here.
You climb upwards.
There is a stone staircase leading down here.
There is a stone staircase leading up here.
You climb upwards.
There is a stone staircase leading down here.
You see here a +0 morningstar.
There is a staircase back to the Dungeon here.
You climb upwards.
Welcome back to the Dungeon!
There is a staircase to the Lair here.
Items here: ! )) ====== ????? [.
Okay, then.
Unknown command.
As you read the scroll of identify, it crumbles to dust.
w - 4 potions of heal wounds
As you read the scroll of identify, it crumbles to dust.
j - 2 scrolls of fear
Items here: ! )) ====== ????? [.
You drop 6 atropa-tipped darts.
n - a +0 broad axe Adjust to which letter? (? for menu, Esc to quit)
b - a +0 broad axe;
n - a +1 hand axe of electrocution You drop a +1 hand axe of electrocution.
There is a staircase to the Lair here.
There is a stone staircase leading down here.
You climb downwards.
There is a stone staircase leading up here. "Take this instrument of something!"
Something appears at your feet!
You now have 2073 gold pieces (gained 732).
There is a stone staircase leading down here.
You climb downwards.
There is a stone staircase leading up here.
A boulder beetle comes into view.
Found a scroll of teleportation and 12 gold pieces.
The boulder beetle leaps!
No target in view!
The boulder beetle leaps!
The boulder beetle curls into a ball and begins rolling!
You see here a scroll of teleportation.
The boulder beetle completely misses you.
You furiously retaliate!
You headbutt the boulder beetle.
The boulder beetle stops rolling and uncurls.
You completely miss the boulder beetle.
The boulder beetle is lightly wounded.
The boulder beetle bites you but does no damage.
You hit the boulder beetle.
The boulder beetle appears confused.
The boulder beetle is lightly wounded.
You hit the boulder beetle but do no damage.
The boulder beetle is lightly wounded.
The boulder beetle bites you.
You see here 12 gold pieces.
You hit the boulder beetle. You burn the boulder beetle.
You headbutt the boulder beetle, but do no damage.
The boulder beetle is lightly wounded.
You hit the boulder beetle but do no damage.
The boulder beetle is lightly wounded.
The boulder beetle seems less confused.
The boulder beetle bites you.
You hit the boulder beetle but do no damage.
The boulder beetle is lightly wounded.
The boulder beetle misses you. You furiously retaliate!
You headbutt the boulder beetle.
You hit the boulder beetle but do no damage.
The boulder beetle is moderately wounded.
You hit the boulder beetle but do no damage.
The boulder beetle is moderately wounded.
The boulder beetle closely misses you.
You hit the boulder beetle but do no damage.
You bite the boulder beetle, but do no damage.
The boulder beetle is moderately wounded.
You hit the boulder beetle but do no damage.
You headbutt the boulder beetle.
The boulder beetle is moderately wounded.
The boulder beetle closely misses you.
You hit the boulder beetle.
You headbutt the boulder beetle, but do no damage.
You bite the boulder beetle, but do no damage.
The boulder beetle is moderately wounded.
The boulder beetle waves its antennae.
The boulder beetle bites you.
You hit the boulder beetle. You headbutt the boulder beetle.
The boulder beetle is heavily wounded.
You slash the boulder beetle!
The boulder beetle is heavily wounded.
The boulder beetle bites you!!
You hit the boulder beetle but do no damage.
You headbutt the boulder beetle, but do no damage.
The boulder beetle is heavily wounded.
You hit the boulder beetle but do no damage.
The boulder beetle suddenly seems more resistant.
Xom thinks this is hilarious!
The boulder beetle is heavily wounded.
The boulder beetle closely misses you.
You completely miss the boulder beetle. You headbutt the boulder beetle.
The boulder beetle is heavily wounded.
The boulder beetle misses you. You furiously retaliate!
You headbutt the boulder beetle! You hit the boulder beetle.
The boulder beetle resists with almost no effort.
You headbutt the boulder beetle, but do no damage.
You bite the boulder beetle, but do no damage.
The boulder beetle is severely wounded.
You slash the boulder beetle! You freeze the boulder beetle.
You bite the boulder beetle, but do no damage.
The boulder beetle is almost dead.
The boulder beetle barely misses you.
You slash the boulder beetle!
The boulder beetle looks as sick as possible!
The boulder beetle is almost dead.
You hit the boulder beetle but do no damage.
You headbutt the boulder beetle, but do no damage.
The boulder beetle is almost dead.
The boulder beetle bites you.
You hit the boulder beetle.
You headbutt the boulder beetle, but do no damage.
You bite the boulder beetle, but do no damage.
The boulder beetle is almost dead.
The boulder beetle leaps!
You see here 12 gold pieces.
You slash the boulder beetle!
You kill the boulder beetle!
No target in view!
G - 7 scrolls of teleportation (gained 1) HP restored.
You now have 2085 gold pieces (gained 12). 2 wraiths come into view.
There are monsters nearby!
There are monsters nearby!
b - a +0 broad axe (weapon)
You slice the wraith!!
The wraith is heavily damaged.
The wraith closely misses you.
You slash the wraith!
The wraith is severely damaged.
The wraith hits you. The wraith drains your vigour!
You feel yourself slow down.
You hit the wraith but do no damage. You bite the wraith.
The wraith is severely damaged.
The wraith hits you but does no damage.
You slash the wraith! You headbutt the wraith.
You destroy the wraith!
You hit the wraith but do no damage. The wraith hits you but does no damage.
You slash the wraith! You bite the wraith, but do no damage.
The wraith is heavily damaged.
The wraith hits you but does no damage.
You hit the wraith. You headbutt the wraith.
The wraith is severely damaged. "Take this token of my esteem."
Something appears at your feet!
You see here Xom's Elucidation of Bread.
The wraith hits you. The wraith drains your vigour!
You feel as though you will be slow longer.
You slice the wraith!!
You destroy the wraith!
Your +0 hand axe of chaos is briefly surrounded by a scintillating aura of random colours.
a - a +0 hand axe of chaos (weapon)
You pick up Xom's Elucidation of Bread and begin reading...
You add the spells Momentum Strike, Vhi's Electric Charge, Starburst and Disjunction to your library.
This spell is quite dangerous to cast!
You start memorising the spell.
You continue memorising. x4
You finish memorising.
Spell assigned to 'b'.
Found a stone staircase leading up.
You feel yourself speed up.
You see here a +3 war axe.
n - a scroll of identify You see here a +3 war axe.
q - a +3 war axe You drop a +3 war axe.
A cyclops comes into view.
The cyclops shouts!
You slash the cyclops! You freeze the cyclops. You headbutt the cyclops.
The cyclops is moderately wounded.
You hit the cyclops. You freeze the cyclops.
The cyclops is heavily wounded.
You slash the cyclops! You headbutt the cyclops.
The cyclops is almost dead. "This is how I like it!"
You swap places with the cyclops.
The cyclops completely misses you.
You hit the cyclops.
The cyclops is poisoned.
The cyclops is almost dead.
Xom gives a demonstration of destructive might.
The cyclops is outlined in light.
You are now a favourite toy of Xom.
You hit the cyclops.
You kill the cyclops!
No target in view!
You see here a +0 scimitar of holy wrath.
You now have 2106 gold pieces (gained 21).
Found a stone staircase leading down.
There is a stone staircase leading down here.
Found a short sword.
A centaur warrior comes into view.
Found a leather armour.
The centaur warrior shouts!
The centaur warrior wields a +0 orcbow.
The centaur warrior shoots an arrow.
The arrow closely misses you.
The centaur warrior shoots an arrow.
The arrow misses you.
The centaur warrior unwields a +0 orcbow.
The centaur warrior barely misses you. You furiously retaliate!
You headbutt the centaur warrior.
The centaur warrior kicks you but does no damage.
You hit the centaur warrior but do no damage.
You headbutt the centaur warrior. Your bite misses the centaur warrior.
The centaur warrior is lightly wounded.
The centaur warrior misses you. You furiously retaliate!
You headbutt the centaur warrior. The centaur warrior closely misses you.
You slash the centaur warrior! You burn the centaur warrior.
The centaur warrior is moderately wounded.
The centaur warrior hits you but does no damage.
The centaur warrior barely misses you.
You slash the centaur warrior! You freeze the centaur warrior.
The centaur warrior is heavily wounded.
The centaur warrior closely misses you.
The centaur warrior kicks you but does no damage.
You hit the centaur warrior. You bite the centaur warrior.
The centaur warrior is heavily wounded.
The centaur warrior hits you but does no damage.
The centaur warrior closely misses you.
You hit the centaur warrior.
The centaur warrior seems to speed up.
The centaur warrior is severely wounded.
The centaur warrior hits you but does no damage.
The centaur warrior completely misses you.
You slash the centaur warrior!
Space warps around the centaur warrior.
You headbutt the centaur warrior.
You kill the centaur warrior!
No target in view!
Things that are here:
a +0 orcbow; a centaur corpse A wraith comes into view.
Found a sling.
A wraith comes into view.
Things that are here:
a +0 orcbow; a centaur corpse
b - a +0 broad axe (weapon)
You slice the wraith!!
The wraith is severely damaged.
You barely miss the wraith.
The wraith is severely damaged.
The wraith hits you. The wraith drains your vigour!
You feel yourself slow down.
You slash the wraith!
You destroy the wraith!
The wraith hits you!
You barely miss the wraith. You headbutt the wraith! You bite the wraith.
The wraith is moderately damaged.
The wraith completely misses you.
You slice the wraith!! Your headbutt misses the wraith.
You bite the wraith, but do no damage.
The wraith is severely damaged.
The wraith closely misses you. You furiously retaliate!
You headbutt the wraith. You hit the wraith but do no damage.
The wraith is almost destroyed.
The wraith barely misses you. You furiously retaliate!
You headbutt the wraith!
You destroy the wraith!
You start resting.
You feel yourself speed up.
HP restored.
You feel strangely unstable.
You are yanked towards some nearby monsters!
Your surroundings suddenly seem different.
A centaur warrior, 3 centaurs and a two-headed ogre come into view.
Found a fizzy purple potion.
Found an escape hatch in the ceiling.
Xom roars with laughter!
The centaur warrior shouts!
The centaur shouts! x3
The two-headed ogre shouts in stereo!
The centaur wields a +0 orcbow.
The centaur shoots an arrow.
The arrow misses you.
A centaur comes into view.
The centaur shoots an arrow.
The arrow completely misses you.
The centaur shouts!
You hear a shout!
The centaur warrior wields a +0 orcbow.
The centaur warrior shoots an arrow.
The arrow hits you but does no damage.
The centaur wields a +0 orcbow.
The centaur shoots an arrow.
The arrow barely misses you.
There is an escape hatch in the ceiling here.
You hit the two-headed ogre. You headbutt the two-headed ogre.
The two-headed ogre is lightly wounded.
You slash the two-headed ogre! You headbutt the two-headed ogre!
The two-headed ogre is heavily wounded.
The two-headed ogre barely misses you.
The two-headed ogre hits you with a +0 dire flail!
You slice the two-headed ogre!!
The two-headed ogre is almost dead.
A centaur comes into view.
A five-headed hydra comes into view.
The five-headed hydra roars!
You slash the two-headed ogre!
You kill the two-headed ogre!
Xom grants you a minor favour.
You feel better.
The centaur wields a +0 orcbow.
The centaur shoots an arrow.
The arrow misses you.
Aiming: Iceblast
Press: ? - help, Shift-Dir - straight line, f - centaur warrior
Aim: a centaur warrior, wielding a +0 orcbow (haloed)
You feel a surge of power!
The mass of ice explodes!
The iceblast engulfs the centaur warrior!
The centaur warrior is moderately wounded.
The iceblast engulfs the centaur!!
You kill the centaur!
The iceblast engulfs the centaur!!
The centaur is almost dead. "The weather's been a little too boring around here."
You hear a shout!
You hear a horrible gurgling sound!
You hear a shout! x2
The centaur warrior shoots an arrow.
The arrow closely misses you.
You hear a shout!
Unknown command.
The centaur shoots an arrow.
The arrow misses you.
The centaur shoots an arrow.
The arrow closely misses you.
Things that are here:
a +0 giant club; a +0 dire flail You slash the centaur!
You kill the centaur!
You hit the centaur warrior.
The centaur warrior unwields a +0 orcbow.
The centaur warrior hits you but does no damage.
The centaur warrior kicks you but does no damage.
The centaur warrior wields a +0 orcbow.
The centaur warrior shoots an arrow.
The arrow completely misses you.
The centaur shoots an arrow.
The arrow closely misses you.
There is an escape hatch in the ceiling, spattered with blood here.
The centaur shoots an arrow.
The arrow barely misses you.
The centaur warrior shoots an arrow.
The arrow hits you!!
The centaur shoots an arrow.
The arrow completely misses you.
The centaur warrior shoots an arrow.
The arrow completely misses you.
The centaur unwields a +0 orcbow.
The centaur misses you. x2
The centaur warrior unwields a +0 orcbow.
The centaur warrior hits you but does no damage.
The centaur warrior kicks you.
Things that are here:
a +0 giant club; a +0 dire flail You slash the centaur!
The centaur is severely wounded.
You hit the centaur warrior. The centaur hits you.
The centaur closely misses you. The centaur warrior closely misses you.
You furiously retaliate!
You headbutt the centaur warrior! The centaur warrior kicks you.
You slice the centaur!!
You kill the centaur!
You slash the centaur warrior! The centaur warrior closely misses you.
The centaur warrior barely misses you.
The centaur warrior wields a +0 orcbow.
The centaur warrior shoots an arrow.
The arrow hits you!
There is an escape hatch in the ceiling, spattered with blood here.
A mysterious force pulls you upwards. The hatch slams shut behind you.
Aiming: Iceblast
Press: ? - help, Shift-Dir - straight line You feel a surge of power!
The mass of ice explodes!
The iceblast engulfs the five-headed hydra!
The five-headed hydra is moderately wounded.
The five-headed hydra closely misses you.
The five-headed hydra barely misses you.
The five-headed hydra completely misses you.
The five-headed hydra bites you but does no damage.
The five-headed hydra bites you!
Aiming: Iceblast
Press: ? - help, Shift-Dir - straight line You feel a surge of power!
The mass of ice explodes!
The iceblast engulfs the five-headed hydra!!
The five-headed hydra is severely wounded.
The five-headed hydra bites you! The five-headed hydra bites you. x3
The five-headed hydra bites you but does no damage.
Aiming: Iceblast
Press: ? - help, Shift-Dir - straight line The mass of ice explodes!
The iceblast engulfs the five-headed hydra!!
You kill the five-headed hydra!
Unknown command.
There is an open door here.
There is an open door here.
There is an open door here.
There is a stone staircase leading down here.
You start resting.
Magic restored.
You climb downwards.
There is a stone staircase leading up here.
HP restored.
Magic restored.
Josephine and a wraith come into view.
Josephine is wielding a +2 dagger of venom.
Josephine shouts!
Aiming: Bolt of Light
Press: ? - help, Shift-Dir - straight line, f - Josephine
Aim: Josephine, wielding a +2 dagger of venom and wearing a +0 robe (haloed, 83% to hit)
You feel a surge of power!
The bolt of light hits the wraith!!
The wraith is almost destroyed.
The bolt of light misses Josephine.
The wraith hits you but does no damage.
Unknown command.
You slice the wraith!!
You destroy the wraith!
You hit Josephine.
Josephine is lightly wounded.
Josephine closely misses you. You furiously retaliate!
You headbutt Josephine! You slash Josephine! You headbutt Josephine!
Josephine is heavily wounded.
You slash Josephine!
Josephine is severely wounded.
Josephine grins evilly.
Josephine misses you. You furiously retaliate!
You headbutt Josephine!! You slash Josephine!
You kill Josephine!
Things that are here:
a +2 dagger of venom; a +0 robe Your +0 hand axe of chaos is briefly surrounded by a scintillating aura of random colours.
a - a +0 hand axe of chaos (weapon)
Things that are here:
a +2 dagger of venom; a +0 robe
Things that are here:
a +0 orcbow; a centaur skeleton A cyclops comes into view.
The cyclops throws a large rock.
The large rock hits you!!
You see here a +0 short sword. "Serve the toy, my child!"
The cyclops hits you!
You slash the cyclops! You bite the cyclops, but do no damage.
The cyclops is moderately wounded.
The cyclops blinks!
You hit the cyclops.
The cyclops is poisoned.
The cyclops is moderately wounded.
The cyclops closely misses you. You furiously retaliate!
You headbutt the cyclops. You slash the cyclops! You freeze the cyclops.
You headbutt the cyclops!
The cyclops is almost dead.
You hit the cyclops. You freeze the cyclops.
You kill the cyclops!
Your Shields skill increases to level 8!
You see here 4 large rocks.
The centaur warrior shoots an arrow.
The arrow hits you!
You hear a shout! x3
A centaur warrior comes into view.
The centaur warrior shouts!
The centaur shouts!
The centaur warrior barely misses you. You furiously retaliate!
You headbutt the centaur warrior!
The centaur warrior kicks you but does no damage.
You slash the centaur warrior! You headbutt the centaur warrior.
The centaur warrior is severely wounded.
The centaur warrior blinks!
Xom grants you a minor favour.
You feel clever all of a sudden.
The centaur warrior wields a +0 orcbow.
The centaur warrior shoots an arrow.
The arrow hits you.
Your ufetubus barely misses the centaur warrior.
Your ufetubus hits the centaur warrior.
The centaur warrior unwields a +0 orcbow.
The centaur warrior hits your ufetubus but does no damage.
The centaur warrior kicks your ufetubus.
You slash the centaur warrior!
The centaur warrior is poisoned.
The centaur warrior is almost dead.
Your ufetubus hits the centaur warrior.
Your ufetubus barely misses the centaur warrior.
The centaur warrior barely misses your ufetubus.
The centaur warrior kicks your ufetubus but does no damage.
The centaur warrior shoots an arrow.
The arrow hits you!
You barely miss the centaur warrior.
You headbutt the centaur warrior, but do no damage.
The centaur warrior is almost dead.
The centaur throws a stone.
The stone closely misses you.
The stone barely misses the centaur warrior.
Your ufetubus hits the centaur warrior.
Your ufetubus barely misses the centaur warrior.
The centaur warrior hits you but does no damage.
The centaur warrior closely misses you.
The centaur warrior shoots an arrow.
The arrow barely misses you.
You hit the centaur warrior.
You kill the centaur warrior!
The centaur warrior shoots an arrow.
The arrow barely misses you.
The centaur wields a +0 shortbow.
The centaur shoots an arrow.
The arrow misses you.
The centaur warrior shoots an arrow.
The arrow closely misses you.
The centaur warrior unwields a +0 orcbow.
The centaur warrior hits you but does no damage.
The centaur warrior barely misses you.
A deep elf pyromancer comes into view. It is wielding a +0 short sword.
b - a +0 broad axe (weapon)
The centaur warrior completely misses you.
The centaur warrior kicks you.
You hit the centaur warrior.
Your headbutt misses the centaur warrior.
Your bite misses the centaur warrior.
The centaur warrior is lightly wounded.
The centaur warrior barely misses you.
The centaur warrior kicks you but does no damage.
You barely miss the centaur warrior.
The centaur warrior is lightly wounded.
The centaur warrior hits you but does no damage.
The centaur warrior misses you.
The centaur shoots an arrow.
The arrow closely misses you.
You slice the centaur warrior!!
The centaur warrior is heavily wounded.
The centaur warrior hits you but does no damage.
The centaur warrior kicks you but does no damage.
The centaur throws a stone.
The stone misses you.
You slash the centaur warrior!
You headbutt the centaur warrior, but do no damage.
The centaur warrior is heavily wounded.
The centaur warrior hits you but does no damage.
The centaur warrior kicks you but does no damage.
The centaur shoots an arrow.
The arrow completely misses you.
You barely miss the centaur warrior.
The centaur warrior is heavily wounded.
The centaur warrior misses you.
The centaur warrior completely misses you.
The centaur shoots an arrow.
The arrow completely misses you.
A cyclops comes into view.
The cyclops shouts!
You slice the centaur warrior!!
You kill the centaur warrior!
The centaur throws a stone.
The stone misses you.
You have reached level 15!
Your experience leads to an increase in your attributes!
Your base attributes are Str 18, Int 9, Dex 14.
Increase (S)trength, (I)ntelligence, or (D)exterity?
You feel stronger. x2
You slice the centaur!!
You kill the centaur! "Serve the mortal, my children!"
Unknown command.
You're wearing all the rings you can.
Remove which one? (? for menu, Esc to cancel) < or
p - a +4 ring of slaying; > or
N - a +4 ring of protection You remove your +4 ring of protection.
The deep elf pyromancer gestures wildly while chanting.
The deep elf pyromancer blinks!
J - a ring of protection from fire (right hand)
The centaur throws a stone.
The stone closely misses your crimson imp.
The stone hits your white imp.
Your crimson imp barely misses the centaur.
Your quasit bites the centaur.
Your quasit closely misses the centaur. x2
The centaur unwields a +0 shortbow.
The centaur barely misses your crimson imp. x2
Your white imp hits the centaur.
Your white imp freezes the centaur.
Your crimson imp hits the centaur but does no damage.
You swap places.
Your quasit barely misses the centaur.
Your quasit claws the centaur but does no damage.
Your quasit claws the centaur.
The centaur misses you. x2
Your white imp gestures at the centaur.
The puff of frost hits the centaur!
The centaur dies!
Things that are here:
a +0 shortbow; 6 stones; a centaur corpse You swap places.
The deep elf pyromancer gestures wildly while chanting.
The deep elf pyromancer hits you with a +0 short sword.
The cyclops throws a large rock.
The large rock misses you.
You barely miss the deep elf pyromancer.
You headbutt the deep elf pyromancer!
You bite the deep elf pyromancer, but do no damage.
The deep elf pyromancer is moderately wounded.
The deep elf pyromancer barely misses you.
You furiously retaliate!
You headbutt the deep elf pyromancer. You hit the deep elf pyromancer.
The deep elf pyromancer is heavily wounded.
You barely miss the fire elemental.
The area is suffused with divine lightning!
The blast of lightning engulfs the deep elf pyromancer!!
The deep elf pyromancer dies!
The fire elemental disappears in a puff of smoke!
The blast of lightning engulfs your quasit!!!
Your quasit dies!
Your quasit disappears in a puff of smoke!
The blast of lightning engulfs your crimson imp!
You hear a shout!
Your Dodging skill increases to level 14!
You slice the cyclops!!
The cyclops is moderately wounded.
The cyclops hits you but does no damage.
You hit the cyclops. You headbutt the cyclops.
The cyclops is heavily wounded.
Your iron imp hits the cyclops.
You strike the helpless cyclops from behind!
You hit the cyclops but do no damage.
The cyclops is severely wounded.
Your crimson imp blinks!
The cyclops misses you.
You hit the cyclops.
The cyclops is severely wounded.
Your iron imp barely misses the cyclops.
You slash the cyclops!
You kill the cyclops!
Your +0 hand axe of chaos is briefly surrounded by a scintillating aura of random colours.
a - a +0 hand axe of chaos (weapon)
A centaur warrior comes into view.
You swap places.
Your crimson imp disappears in a puff of smoke!
You see here 4 large rocks.
You swap places.
You feel strangely unstable.
You are yanked towards a nearby monster!
Your surroundings suddenly seem different.
A howler monkey comes into view.
Found a book of Displacement.
Found a stone staircase leading up.
The howler monkey howls!
You hear a horrible gurgling sound!
The howler monkey hoots and howls with incredible vigour!
You hear a shout! x2
Found a falchion.
Found an escape hatch in the floor.
The howler monkey closely misses you.
You slash the howler monkey! You bite the howler monkey.
The howler monkey is severely wounded.
A centaur warrior comes into view.
You barely miss the howler monkey.
The howler monkey is severely wounded.
The howler monkey closely misses you.
You hit the howler monkey. Your headbutt misses the howler monkey.
The howler monkey is almost dead.
The howler monkey hoots and howls with incredible vigour!
You hear a horrible gurgling sound!
You slash the howler monkey! You freeze the howler monkey.
You kill the howler monkey!
The centaur warrior throws a stone.
The stone misses you.
The centaur warrior throws a stone.
The stone completely misses you.
The centaur warrior wields a +0 orcbow.
The centaur warrior shoots an arrow.
The arrow hits you!
The centaur warrior shoots an arrow.
The arrow closely misses you.
You hear a horrible gurgling sound!
A white ugly thing comes into view.
The white ugly thing gurgles horribly!
The centaur warrior unwields a +0 orcbow.
The centaur warrior closely misses you. The centaur warrior kicks you.
You hit the centaur warrior. You burn the centaur warrior.
The centaur warrior is lightly wounded. "Go forth and destroy!"
You feel more clever all of a sudden.
You completely miss the centaur warrior.
The centaur warrior is lightly wounded.
The centaur warrior hits you.
The centaur warrior kicks you but does no damage.
You hit the centaur warrior.
The centaur warrior suddenly seems more resistant.
You bite the centaur warrior.
The centaur warrior is lightly wounded.
The centaur warrior hits you!
The centaur warrior kicks you but does no damage.
b - a +0 broad axe (weapon)
The centaur warrior completely misses you.
The centaur warrior kicks you but does no damage.
You slash the centaur warrior! You headbutt the centaur warrior.
The centaur warrior is heavily wounded.
The centaur warrior hits you. The centaur warrior kicks you.
You slice the centaur warrior!!
You bite the centaur warrior, but do no damage.
The centaur warrior is severely wounded.
The centaur warrior closely misses you.
The centaur warrior completely misses you.
A manticore comes into view.
You completely miss the centaur warrior.
You headbutt the centaur warrior!
You kill the centaur warrior!
You barely miss the white ugly thing. You headbutt the white ugly thing.
The white ugly thing is lightly wounded.
The white ugly thing bites you. The white ugly thing freezes you! You resist.
* * * LOW HITPOINT WARNING * * *
You completely miss the white ugly thing.
The white ugly thing is lightly wounded.
Xom opens a gate.
The white ugly thing closely misses you.
You furiously retaliate!
You headbutt the white ugly thing. You slash the white ugly thing!
Your headbutt misses the white ugly thing.
The white ugly thing is moderately wounded.
You slice the white ugly thing!! You bite the white ugly thing.
The white ugly thing is severely wounded. "Forecast: mostly cloudy."
The white ugly thing bites you!
* * * LOW HITPOINT WARNING * * *
The white ugly thing freezes you! You resist.
* * * LOW HITPOINT WARNING * * *
You swap places.
Your quasit bites the white ugly thing but does no damage.
Your quasit claws the white ugly thing but does no damage.
Your quasit closely misses the white ugly thing.
The white ugly thing bites your quasit!
The white ugly thing freezes your quasit!
Your quasit resists.
Your quasit dies!
Your quasit disappears in a puff of smoke!
The white ugly thing gurgles horribly!
The manticore flicks its tail.
The volley of spikes is repelled.
There is a stone staircase leading up here.
The manticore flicks its tail.
The volley of spikes hits you!
The barbed spikes become lodged in your body.
* * * LOW HITPOINT WARNING * * *
The white ugly thing bites you but does no damage.
The barbed spikes dig painfully into your body as you move.
* * * LOW HITPOINT WARNING * * *
You climb upwards.
There is a stone staircase leading down here.
You start resting.
You carefully extract the barbed spikes from your body.
You start resting.
You feel a little less clever now.
You start resting.
HP restored.
You start resting.
HP restored.
You climb downwards.
Level annotation: 2 runed translucent doors, Ithuta Obua's ghost, journeyman MiBe The white ugly thing barely misses you.
A tengu conjurer comes into view.
There is a stone staircase leading up, spattered with blood here.
The tengu conjurer shouts!
The white ugly thing bites you. The white ugly thing freezes you! You resist.
You climb upwards.
There is a stone staircase leading down here.
You slice the white ugly thing!! You headbutt the white ugly thing.
The white ugly thing is heavily wounded.
The white ugly thing completely misses you.
You slash the white ugly thing!
The white ugly thing is severely wounded.
You barely miss the white ugly thing.
The white ugly thing is severely wounded.
The white ugly thing misses you. You furiously retaliate!
You headbutt the white ugly thing! You slice the white ugly thing!!
You kill the white ugly thing!
You climb downwards.
Level annotation: 2 runed translucent doors, Ithuta Obua's ghost, journeyman MiBe The manticore flicks its tail.
The volley of spikes is repelled.
The tengu conjurer casts a spell.
There is a stone staircase leading up, spattered with blood here.
Aiming: Charm
Press: ? - help, Shift-Dir - straight line, f - manticore
Aim: a manticore (haloed, chance to affect: 60%)
You feel a surge of power!
The manticore resists with significant effort.
A battlesphere comes into view.
The tengu conjurer casts a spell at you.
The bolt of lightning misses you.
You hear a shout!
The manticore barely misses you. You furiously retaliate!
You headbutt the manticore. The manticore barely misses you.
The manticore completely misses you.
You climb upwards.
The battlesphere dissipates.
There is a stone staircase leading down here.
You hit the manticore.
The manticore is moderately wounded.
The manticore closely misses you. The manticore misses you.
The manticore completely misses you.
You hit the manticore.
The manticore is moderately wounded.
The manticore bites you!
The manticore claws you but does no damage.
The manticore claws you.
You slash the manticore! You headbutt the manticore.
The manticore is severely wounded.
The manticore barely misses you. The manticore misses you.
The manticore claws you.
You slash the manticore! You headbutt the manticore.
You kill the manticore!
No target in view!
You start resting.
Magic restored.
You climb downwards.
Level annotation: 2 runed translucent doors, Ithuta Obua's ghost, journeyman MiBe
There is a stone staircase leading up, spattered with blood here.
Found a scroll of acquirement and a potion of curing.
The tengu conjurer casts a spell.
The tengu conjurer conjures a globe of magical energy!
A battlesphere comes into view.
You barely miss the tengu conjurer. You bite the tengu conjurer.
The tengu conjurer is lightly wounded.
The tengu conjurer gestures at you while chanting.
The bolt of lightning is repelled.
You slash the tengu conjurer! You headbutt the tengu conjurer!
The tengu conjurer is severely wounded.
You closely miss the tengu conjurer.
The tengu conjurer is severely wounded.
The tengu conjurer misses you.
The tengu conjurer pecks you but does no damage.
The tengu conjurer claws you but does no damage.
You hit the tengu conjurer. Your bite misses the tengu conjurer.
The tengu conjurer is severely wounded.
The tengu conjurer hits you but does no damage.
The tengu conjurer closely misses you. The tengu conjurer barely misses you.
You slice the tengu conjurer!!
You kill the tengu conjurer!
The battlesphere dissipates.
Things that are here:
a +0 buckler; a tengu corpse
q - a +0 buckler "Let me alter your pitiful body."
Your body is suffused with distortional energy.
Your toenails lengthen and sharpen.
Your fingernails lengthen.
You see here a +0 falchion.
f - 2 scrolls of acquirement (gained 1)
You pick up a book of Displacement and begin reading...
You add the spells Lesser Beckoning, Gell's Gravitas and Teleport Other to your library.
There is a stone staircase leading up, spattered with blood here.
Search for what [Enter for "lair", or ? for help]? sinv Unknown command.
A tengu warrior comes into view.
It is wielding a +1 long sword. "Serve the mortal, my children!"
You are now a toy of Xom.
The tengu warrior unwields a +1 long sword.
The tengu warrior wields a +0 arbalest.
The tengu warrior shoots a bolt.
The bolt misses you.
The tengu warrior shoots a bolt.
The bolt completely misses you.
Your crimson imp blinks!
The tengu warrior shoots a bolt.
The bolt closely misses you.
Your iron imp hits the tengu warrior.
Your iron imp hits the tengu warrior but does no damage.
You slash the tengu warrior! You headbutt the tengu warrior.
The tengu warrior is moderately wounded.
The tengu warrior unwields a +0 arbalest.
The tengu warrior wields a +1 long sword.
The tengu warrior hits you with a +1 long sword!
The tengu warrior barely misses you. The tengu warrior misses you.
Your iron imp hits the tengu warrior but does no damage.
You slash the tengu warrior! You bite the tengu warrior.
The tengu warrior is heavily wounded.
You slash the tengu warrior!
The tengu warrior is severely wounded.
The tengu warrior hits you with a +1 long sword.
The tengu warrior pecks you but does no damage.
The tengu warrior claws you but does no damage.
Your iron imp hits the tengu warrior.
Your crimson imp completely misses the tengu warrior.
You strike the helpless tengu warrior from behind!
You slice the tengu warrior!!
You kill the tengu warrior!
Items here: )) [ †.
You swap places.
The centaur warrior shoots an arrow.
The arrow closely misses you. The arrow hits your iron imp!
The centaur warrior shoots an arrow.
The arrow hits you!
Found a sparkling altar of Nemelex Xobeh.
The centaur warrior shoots an arrow.
The arrow hits you.
Your crimson imp blinks!
The centaur warrior unwields a +0 orcbow.
The centaur warrior hits you but does no damage.
The centaur warrior barely misses you.
The centaur warrior completely misses you.
The centaur warrior closely misses you.
You hit the centaur warrior.
The centaur warrior is lightly wounded.
The centaur warrior hits you! The centaur warrior kicks you.
You slash the centaur warrior!
The centaur warrior is moderately wounded.
The centaur warrior closely misses you. You furiously retaliate!
You headbutt the centaur warrior!!
The centaur warrior kicks you but does no damage.
You slash the centaur warrior!
The centaur warrior is severely wounded.
The centaur warrior hits you but does no damage.
The centaur warrior kicks you but does no damage.
You hit the centaur warrior. You headbutt the centaur warrior!
You kill the centaur warrior!
Things that are here:
a +0 orcbow; a centaur corpse Your crimson imp blinks!
Your crimson imp disappears in a puff of smoke!
Your iron imp disappears in a puff of smoke!
HP restored.
Your crimson imp degenerates into a cloud of primal chaos!
Found 7 stones.
g - 8 potions of curing (gained 1)
g - 9 potions of curing (gained 1)
Found a cloak.
Found a stone staircase leading down.
Unknown command.
Search for what [Enter for "sinv", or ? for help]? hat Can't find anything matching that.
Unknown command.
Ithuta Obua's ghost turns its malevolent gaze towards you.
Found a stone staircase leading down.
O - a fizzy purple potion You see here 4 large rocks.
Things that are here:
a +0 orcbow; a +0 orcbow You now have 2131 gold pieces (gained 25).
You see here a +0 orcbow.
There is a stone staircase leading down here. "See what I see, my child!"
You feel aware of your surroundings.
You see here 5 large rocks.
e - 2 scrolls of poison (gained 1)
You see here 5 large rocks.
You see here a +0 orcbow.
You see here a +0 short sword.
Things that are here:
6 stones; a +0 shortbow Ithuta Obua's ghost turns its malevolent gaze towards you.
Press: ? - help, v - describe, . - travel
Here: Ithuta Obua's ghost, wielding a heavy weapon (haloed, fire blocked by a runed translucent door) Some shallow water.
You open the large door.
You hit Ithuta Obua's ghost but do no damage.
You headbutt Ithuta Obua's ghost!
Ithuta Obua's ghost is lightly damaged.
Ithuta Obua's ghost hits you!
You hit Ithuta Obua's ghost but do no damage.
Ithuta Obua's ghost is lightly damaged.
You slash Ithuta Obua's ghost!
Your headbutt misses Ithuta Obua's ghost.
You bite Ithuta Obua's ghost, but do no damage.
Ithuta Obua's ghost is lightly damaged.
Ithuta Obua's ghost misses you. You furiously retaliate!
You headbutt Ithuta Obua's ghost! You hit Ithuta Obua's ghost.
You bite Ithuta Obua's ghost, but do no damage.
Ithuta Obua's ghost is moderately damaged.
Ithuta Obua's ghost hits you!!
You hit Ithuta Obua's ghost.
Ithuta Obua's ghost is moderately damaged.
Ithuta Obua's ghost hits you!
You slash Ithuta Obua's ghost!
You headbutt Ithuta Obua's ghost, but do no damage.
Ithuta Obua's ghost is moderately damaged.
You hit Ithuta Obua's ghost but do no damage.
You bite Ithuta Obua's ghost, but do no damage.
Ithuta Obua's ghost is moderately damaged.
Ithuta Obua's ghost hits you!!
You hit Ithuta Obua's ghost but do no damage.
Ithuta Obua's ghost is moderately damaged.
Ithuta Obua's ghost misses you.
You hit Ithuta Obua's ghost but do no damage.
Ithuta Obua's ghost is moderately damaged.
You hit Ithuta Obua's ghost but do no damage.
Ithuta Obua's ghost is moderately damaged.
Ithuta Obua's ghost misses you. You furiously retaliate!
You headbutt Ithuta Obua's ghost!
You hit Ithuta Obua's ghost but do no damage.
Your headbutt misses Ithuta Obua's ghost.
Ithuta Obua's ghost is heavily damaged.
Ithuta Obua's ghost hits you!!
* * * LOW HITPOINT WARNING * * *
You hit Ithuta Obua's ghost but do no damage.
You headbutt Ithuta Obua's ghost, but do no damage.
Ithuta Obua's ghost is heavily damaged.
You slash Ithuta Obua's ghost!
You headbutt Ithuta Obua's ghost, but do no damage.
Ithuta Obua's ghost is heavily damaged.
Ithuta Obua's ghost hits you!!
* * * LOW HITPOINT WARNING * * *
You hit Ithuta Obua's ghost but do no damage.
You headbutt Ithuta Obua's ghost, but do no damage.
Ithuta Obua's ghost is heavily damaged.
Ithuta Obua's ghost closely misses you.
Okay, then.
Unknown command.
Okay, then.
Unknown command.
Press: ? - help, v - describe, . - travel
Here: Ithuta Obua's ghost, wielding a heavy weapon (heavily damaged, haloed)
A large open translucent door.
Aiming: Iceblast
Press: ? - help, Shift-Dir - straight line You feel a surge of power!
The mass of ice explodes!
The iceblast engulfs Ithuta Obua's ghost but does no damage.
Ithuta Obua's ghost is heavily damaged.
Ithuta Obua's ghost hits you.
* * * LOW HITPOINT WARNING * * *
As you read the scroll of summoning, it crumbles to dust.
Wisps of shadow whirl around you... Ithuta Obua's ghost hits you!!
You die...

Skill      XL: |  1  2  3  4  5  6  7  8  9 10 11 12 13 14 15 |
---------------+----------------------------------------------+-----
Fighting       | 6 7 8 10 11 12 13 14 15 | 15.0
Axes           | 8 9 11 13 15 16 17 18 | 18.0
Armour         | 5 8 9 10 | 10.0
Dodging        | 4 6 8 10 13 14 | 14.3
Evocations     | 5 9 |  9.0
Shields        | 2 8 |  8.5

Action                     |  1- 3 |  4- 6 |  7- 9 | 10-12 | 13-15 || total
---------------------------+-------+-------+-------+-------+-------++-------
  Melee: Hand axe          |    68 |   105 |   149 |   578 |   686 ||  1586
         Headbutt          |     6 |    16 |    38 |   191 |   277 ||   528
         Punch             |     2 |       |       |       |       ||     2
         Executioner's axe |       |       |     7 |       |       ||     7
         Bite              |       |       |       |       |    83 ||    83
         Broad axe         |       |       |       |       |    82 ||    82
  Throw: Dart              |       |       |       |    17 |    22 ||    39
  Evoke: Wand              |       |       |     2 |     8 |    21 ||    31
    Use: Scroll            |       |       |     6 |     9 |     7 ||    22
         Potion            |       |       |       |     1 |       ||     1
   Stab: Confused          |       |     2 |       |     4 |    16 ||    22
         Petrifying        |       |       |     1 |     1 |       ||     2
         Sleeping          |       |       |     1 |       |       ||     1
         Invisible         |       |       |       |     1 |       ||     1
         Paralysed         |       |       |       |       |     1 ||     1
         Distracted        |       |       |       |       |     2 ||     2
 Armour: Leather armour    |    35 |    44 |       |       |       ||    79
         Ring mail         |       |     4 |   114 |   339 |   360 ||   817
  Dodge: Dodged            |    30 |    50 |   121 |   337 |   471 ||  1009
         Repelled          |       |       |       |     1 |     5 ||     6

Levels and vault maps discovered:
D:1:      dpeg_arrival_round_c, layout_loops_ring, minmay_misc_feat_enclosed,
          minmay_indecisive_spiral
D:2:      cheibrodos_old_hovel, layout_basic, basic_altar
D:3:      cheibrodos_greedy_goblins, layout_basic, kennysheep_nondescript,
          minmay_parallelograms
D:4:      layout_rooms, minmay_temple_entry_trees,
          hangedman_abyss_or_decor_stabs, serial_bayou_ford_a,
          hangedman_decor_points, uniq_crazy_yiuf_cottage, uniq_natasha,
          uniq_ijyb
D:5:      layout_cave_pods, minmay_manual_maat
D:6:      layout_rooms
D:7:      layout_cave_pools, nicolae_overflow_squiral,
          biasface_ghost_orc_armoury, uniq_maggie
D:8:      layout_layer_cave, elyvilon_altar_1, serial_shops, shop, shop,
          nicolae_shop_window_shopping, minivault_4, kennysheep_kite_vault
D:9:      layout_loops_ring, serial_undead, serial_undead_a, serial_undead_a,
          serial_undead_c, serial_undead_b
D:10:     layout_roguey, minmay_orc_entry_guard_dogs, enter_bailey_5,
          serial_shops, nicolae_shop_rolling_square
D:11:     layout_irregular_city, dpeg_lair_monsters, serial_shops,
          nicolae_shop_pleasant_corner_grove, shop, nicolae_shop_gaudy_bauble,
          shop, nicolae_trove_entry_free_sample, uniq_fannar
D:12:     layout_grid_maze, uniq_nessos
D:13:     layout_loops_ring, ebering_ghost_disaster_area, minmay_ruined_shrine,
          uniq_josephine
Lair:1:   layout_roguey, grunt_megastairs_2
Lair:2:   layout_loops_ring, minmay_snake_entry_six_corridors,
          grunt_megastairs_4
Lair:3:   layout_hall_layers, minmay_shoals_entry_beasts, serial_bayou_shore_a,
          lemuel_fruit_fields, uniq_rupert
Lair:4:   layout_regular_city
Lair:5:   hangedman_lair_caniforms_friends, layout_gridlike,
          nicolae_slime_entry_field_trip, gammafunk_lair_bear_cave

Notes
Turn   | Place    | Note
-------+----------+-------------------------------------------
     0 | D:1      | scionoferis the Minotaur Chaos Knight began the quest for
                  | the Orb.
     0 | D:1      | Reached XP level 1. HP: 19/19 MP: 0/0
   114 | D:1      | XOM: potion effect (experience)
   114 | D:1      | Reached skill level 6 in Fighting
   114 | D:1      | Reached skill level 8 in Axes
   114 | D:1      | Reached XP level 2. HP: 31/31 MP: 1/1
   220 | D:1      | Reached XP level 3. HP: 38/38 MP: 2/2
   675 | D:1      | XOM: noise
   862 | D:2      | Found a broken altar of Ashenzari.
   868 | D:2      | Reached XP level 4. HP: 40/45 MP: 3/3
   868 | D:2      | XOM: 4-stop teleportation journey
  1684 | D:3      | XOM: torment (24/45 hp)
  1688 | D:3      | Reached XP level 5. HP: 15/51 MP: 4/4
  1691 | D:3      | HP: 12/51 [orc/+1 hand axe of venom (1)]
  1696 | D:3      | HP: 9/51 [poisoned by an orc]
  2070 | D:3      | XOM: 4-stop teleportation journey
  2121 | D:3      | XOM: give mutation
  2121 | D:3      | Gained mutation: You are dopey. (Int -2) [Xom's mischief]
  2196 | D:3      | XOM: confusion (+ monsters)
  2524 | D:3      | XOM: summons 3 hostile demons
  2607 | D:3      | XOM: silly message
  2720 | D:4      | XOM: potion effect (might)
  2755 | D:4      | XOM: god gift: 7 stones
  2794 | D:4      | Noticed Natasha
  2799 | D:4      | Killed Natasha
  2800 | D:4      | Reached skill level 9 in Axes
  2899 | D:4      | XOM: confuse monster(s)
  2900 | D:4      | Found a staircase to the Ecumenical Temple.
  2906 | D:4      | Reached skill level 7 in Fighting
  2906 | D:4      | Reached XP level 6. HP: 60/60 MP: 5/5
  3080 | D:4      | Identified the +0 spear of the Key {holy, Stlth+}
  3087 | D:4      | Noticed Ijyb
  3104 | D:4      | Killed Ijyb
  3117 | D:4      | XOM: god gift: +2 pair of gloves of dexterity
  3229 | D:4      | Found a runed translucent door.
  3230 | D:4      | Noticed Crazy Yiuf
  3236 | D:4      | Killed Crazy Yiuf
  3323 | D:5      | Entered Level 5 of the Dungeon
  3419 | D:5      | Reached XP level 7. HP: 61/66 MP: 6/6
  3536 | D:5      | Noticed a shadow
  3543 | D:5      | Killed a shadow
  3544 | D:5      | Reached skill level 10 in Axes
  3571 | D:5      | Reached skill level 8 in Fighting
  3786 | D:5      | XOM: god gift: brightly glowing plate armour {god gift}
  3786 | D:5      | Identified the +0 plate armour of Shielding {rN+} (Xom
                  | gifted it to you on level 5 of the Dungeon)
  3898 | D:5      | Reached skill level 11 in Axes
  3970 | D:5      | XOM: god gift: 26 gold pieces
  4083 | D:6      | XOM: noise
  4096 | D:6      | XOM: summons friendly shadow imp
  4100 | D:6      | Reached XP level 8. HP: 68/75 MP: 7/7
  4213 | D:6      | XOM: 2-stop teleportation journey
  4214 | D:6      | XOM: god gift: 35 gold pieces
  4265 | D:6      | Reached skill level 9 in Fighting
  4278 | D:6      | Reached skill level 12 in Axes
  4547 | D:7      | XOM: swap monsters
  4548 | D:7      | You fall into a shaft and drop 3 floors!
  4548 | D:10     | Entered Level 10 of the Dungeon
  4562 | D:10     | XOM: noise
  4595 | D:10     | Found Unampik's Armour Boutique.
  4599 | D:10     | XOM: cleaving
  4605 | D:10     | XOM: swap monsters
  4634 | D:10     | Noticed a two-headed ogre
  4634 | D:10     | XOM: 3-stop teleportation journey
  4640 | D:10     | Killed a two-headed ogre
  4641 | D:10     | Reached skill level 10 in Fighting
  4641 | D:10     | Reached skill level 13 in Axes
  4641 | D:10     | Reached XP level 9. HP: 67/85 MP: 8/8
  4671 | D:10     | Found a flagged portal.
  4690 | Bailey   | Entered a bailey
  4718 | Bailey   | XOM: chaos cloud
  4729 | Bailey   | XOM: silly message
  4794 | Bailey   | Reached skill level 14 in Axes
  4831 | Bailey   | XOM: fog
  4920 | Bailey   | XOM: summons 1 hostile demon
  5079 | Bailey   | Identified the +11 executioner's axe "Suepan" {freeze,
                  | Will+ Int+4}
  5087 | Bailey   | Noticed an orc knight
  5095 | Bailey   | HP: 19/85 [orc knight/+0 glaive (15)]
  5098 | Bailey   | Killed an orc knight
  5099 | Bailey   | Reached skill level 15 in Axes
  5105 | Bailey   | Identified the +10 bardiche "Iru Zuo" {heavy, Int+2}
  5186 | Bailey   | XOM: divination: magic mapping
  5223 | Bailey   | XOM: silly message
  5447 | D:8      | Found Gigueseh's Assorted Antiques.
  5509 | D:8      | Bought a scroll of identify for 58 gold pieces
  5509 | D:8      | Bought a coppery potion for 26 gold pieces
  5564 | D:8      | Found Nefuch Eler's Jewellery Shop.
  5609 | D:8      | Reached XP level 10. HP: 93/93 MP: 9/9
  5652 | D:8      | XOM: potion effect (might)
  5663 | D:8      | Found a white marble altar of Elyvilon.
  5738 | D:7      | XOM: silly message
  5739 | D:7      | XOM: divination: magic mapping
  5752 | D:7      | Reached skill level 16 in Axes
  5772 | D:7      | Noticed Maggie
  5788 | D:7      | Killed Maggie
  5793 | D:7      | Reached skill level 3 in Armour
  5906 | D:7      | Reached skill level 2 in Dodging
  5964 | D:7      | Found a stormy altar of Qazlal.
  5971 | D:7      | XOM: divination: magic mapping
  5976 | D:7      | Found a glowing golden altar of the Shining One.
  6074 | D:7      | XOM: silly message
  6109 | D:7      | Identified the +0 leather armour of Disaster {-Tele rF+ rC+
                  | Dex+3}
  6132 | D:7      | Found a runed translucent gate.
  6133 | D:7      | Noticed promet's ghost (novice OpFE)
  6133 | D:7      | Found a runed translucent gate.
  6134 | D:7      | Found a runed translucent gate.
  6238 | D:7      | XOM: silly message
  6648 | D:7      | XOM: polymorph orc -> shapeshifter
  6658 | D:7      | XOM: divination: magic mapping
  6692 | D:7      | Reached skill level 4 in Armour
  6706 | D:7      | Killed promet's ghost
  6707 | D:7      | Reached skill level 3 in Dodging
  6981 | D:8      | Found Tiurchuipn's Antique Weapon Shop.
  7486 | D:8      | XOM: enchant monster (bad)
  7490 | D:8      | XOM: cleaving
  7497 | D:8      | XOM: summons 4 friendly demons
  7501 | D:8      | Reached skill level 5 in Armour
  7501 | D:8      | Reached skill level 4 in Dodging
  7508 | D:8      | Reached skill level 11 in Fighting
  7508 | D:8      | Reached XP level 11. HP: 27/102 MP: 10/10
  7654 | D:8      | XOM: give mutations
  7654 | D:8      | Gained mutation: You expend magic power (3 MP) to
                  | strengthen your wands. [Xom's mischief]
  7654 | D:8      | Lost mutation: You are dopey. (Int -2) [Xom's mischief]
  7654 | D:8      | Gained mutation: You are covered in fur. (AC +1) [Xom's
                  | mischief]
  7899 | D:9      | XOM: confusion
  8016 | D:9      | XOM: enchant monster (bad)
  8534 | D:9      | Reached skill level 6 in Armour
  8534 | D:9      | Reached skill level 5 in Dodging
  8580 | D:9      | XOM: polymorph yak -> shapeshifter
  8620 | D:9      | XOM: give mutations
  8620 | D:9      | Gained mutation: Your movements are slightly less
                  | encumbered by armour. (ER -2) [Xom's grace]
  8620 | D:9      | Gained mutation: Your mind is acute. (Int +4, Str/Dex -1)
                  | [Xom's grace]
  8623 | D:9      | XOM: give mutations
  8623 | D:9      | Gained mutation: Your system is resistant to poisons.
                  | (rPois) [Xom's mischief]
  8623 | D:9      | Gained mutation: Armour fits poorly on your strangely
                  | shaped body. [Xom's mischief]
  8623 | D:9      | Gained mutation: Your magical capacity is low. (-10% MP)
                  | [Xom's mischief]
  8890 | D:10     | XOM: scenery: 1 doors close
  8891 | D:10     | XOM: polymorph warg -> scorpion
  8894 | D:10     | Noticed a two-headed ogre
  8901 | D:10     | XOM: cast spell 'Summon Cactus Giant'
  8905 | D:10     | Killed a two-headed ogre
  8906 | D:10     | Reached skill level 17 in Axes
  8929 | D:10     | Found a staircase to the Orcish Mines.
  9357 | D:11     | Found a portal to a secret trove of treasure.
  9376 | D:11     | Noticed a two-headed ogre
  9378 | D:11     | XOM: summons 6 friendly demons
  9384 | D:11     | XOM: scenery: 1 doors open
  9386 | D:11     | Noticed a two-headed ogre
  9386 | D:11     | Killed a two-headed ogre
  9398 | D:11     | XOM: scenery: 1 doors close
  9400 | D:11     | Killed a two-headed ogre
  9401 | D:11     | Reached skill level 12 in Fighting
  9401 | D:11     | Reached skill level 7 in Armour
  9401 | D:11     | Reached skill level 6 in Dodging
  9482 | D:11     | Noticed Fannar
  9483 | D:11     | Noticed a death yak
  9499 | D:11     | XOM: polymorph ice beast -> warg
  9518 | D:10     | Killed Fannar
  9540 | D:10     | XOM: scenery: 4 doors close
  9568 | D:10     | XOM: give mutations
  9568 | D:10     | Gained mutation: You are weak. (Str -2) [Xom's mischief]
  9568 | D:10     | Gained mutation: You are occasionally teleported next to
                  | monsters. [Xom's mischief]
  9568 | D:10     | Gained mutation: You are agile. (Dex +4, Str/Int -1) [Xom's
                  | mischief]
  9678 | D:10     | XOM: give mutations
  9678 | D:10     | Lost mutation: Armour fits poorly on your strangely shaped
                  | body. [Xom's mischief]
  9678 | D:10     | Lost mutation: Your mind is acute. (Int +4, Str/Dex -1)
                  | [Xom's mischief]
  9726 | D:10     | XOM: confuse monster(s)
  9727 | D:10     | XOM: divination: magic mapping
  9730 | D:10     | a death yak changed into a storm dragon
  9730 | D:10     | Noticed a storm dragon
  9730 | D:10     | XOM: polymorph death yak -> storm dragon
  9737 | D:10     | XOM: swap monsters
  9739 | D:11     | Noticed a death yak
  9742 | D:11     | Noticed a death yak
  9752 | D:11     | Killed a death yak
  9761 | D:11     | Killed a death yak
  9762 | D:11     | Reached skill level 8 in Armour
  9762 | D:11     | Reached XP level 12. HP: 46/113 MP: 5/9
  9772 | D:11     | Reached skill level 7 in Dodging
  9782 | D:11     | XOM is BORED!
  9782 | D:11     | Found a staircase to the Lair.
  9782 | D:11     | XOM: 3-stop teleportation journey
 10118 | D:11     | XOM: give mutation
 10118 | D:11     | Lost mutation: You are agile. (Dex +4, Str/Int -1) [Xom's
                  | mischief]
 10133 | D:11     | Found Futwi's Book Shoppe.
 10200 | D:11     | Found Qawuz's Jewellery Shoppe.
 10297 | D:11     | Found Hoan's General Store.
 10305 | D:11     | Bought a scroll of identify for 22 gold pieces
 10310 | D:11     | Found Qudink's Assorted Antiques.
 10324 | D:11     | Bought a scroll of identify for 46 gold pieces
 10324 | D:11     | Bought a scroll labelled NAZOKLUCAES for 23 gold pieces
 10324 | D:11     | Bought a scroll labelled LUCEON NAEP for 23 gold pieces
 10763 | D:12     | Noticed a two-headed ogre
 10772 | D:12     | Killed a two-headed ogre
 11521 | D:12     | XOM: cleaving
 11525 | D:12     | XOM: divine lightning
 11630 | D:12     | Noticed Nessos
 11639 | D:12     | Killed Nessos
 11684 | D:12     | XOM: cloud trail
 11692 | D:12     | XOM: scenery: summon butterflies
 11705 | D:12     | Reached skill level 13 in Fighting
 11715 | D:12     | XOM: polymorph butterfly -> giant cockroach
 11737 | D:12     | XOM: god gift: pair of boots {god gift}
 11802 | Gauntlet | Identified the "Vydgh"
 11802 | Lair:1   | Entered Level 1 of the Lair of Beasts
 11811 | Lair:1   | XOM: god gift: staff of cold
 11829 | Lair:1   | Reached skill level 9 in Armour
 11843 | Lair:1   | Reached skill level 1 in Evocations
 11865 | Lair:1   | Reached skill level 8 in Dodging
 12116 | Lair:1   | XOM: scenery: 1 doors close
 12161 | Lair:1   | XOM: summons 1 hostile shadow creature
 12187 | Lair:1   | XOM: god gift: pair of glowing gloves {god gift}
 12448 | Lair:2   | Reached skill level 2 in Evocations
 12450 | Lair:2   | XOM: 1-stop teleportation journey
 12452 | Lair:2   | Noticed a six-headed hydra
 12459 | Lair:2   | XOM: noise
 12469 | Lair:2   | Reached skill level 18 in Axes
 12491 | Lair:2   | HP: 21/115 [14-headed hydra (8)]
 12498 | Lair:2   | HP: 17/115 [wolf (4)]
 12504 | Lair:2   | HP: 18/115 [wolf (2)]
 12513 | Lair:1   | HP: 15/115 [wolf (6)]
 12782 | Lair:2   | Reached skill level 3 in Evocations
 12828 | Lair:2   | XOM: god gift: 63 gold pieces
 12839 | Lair:2   | Found a staircase to the Snake Pit.
 12881 | Lair:2   | Noticed a death yak
 12881 | Lair:2   | XOM: cleaving
 12884 | Lair:2   | XOM: enchant monster (bad)
 12887 | Lair:2   | Reached skill level 4 in Evocations
 12893 | Lair:2   | Killed a death yak
 12907 | Lair:2   | XOM: summons friendly shadow imp
 12914 | Lair:2   | Killed a 14-headed hydra
 12918 | Lair:2   | Reached skill level 5 in Evocations
 12922 | Lair:2   | XOM: enchant monster (bad)
 12923 | Lair:2   | XOM: swap monsters
 12924 | Lair:2   | HP: 12/115 [komodo dragon (25)]
 13417 | Lair:2   | XOM: scenery: create altars
 13423 | Lair:2   | Reached XP level 13. HP: 115/122 MP: 10/10
 13447 | Lair:2   | XOM: potion effect (haste)
 13456 | Lair:2   | XOM: summons friendly iron imp
 13462 | Lair:2   | XOM: scenery: create altars
 13464 | Lair:2   | XOM: confuse monster(s)
 13473 | Lair:2   | Reached skill level 6 in Evocations
 13702 | Lair:2   | Reached skill level 7 in Evocations
 13871 | Lair:2   | XOM: god gift: long sword {god gift}
 13954 | Lair:2   | XOM: cloud trail
 14135 | Lair:3   | XOM: destruction
 14226 | Lair:3   | XOM: cast spell 'Metabolic Englaciation'
 14238 | Lair:3   | XOM: summons friendly white imp
 14243 | Lair:3   | XOM: confuse monster(s)
 14244 | Lair:3   | XOM: destruction
 14251 | Lair:3   | XOM: noise
 14269 | Lair:3   | Reached skill level 8 in Evocations
 14269 | Lair:3   | XOM: swap monsters
 14275 | Lair:3   | Reached skill level 10 in Armour
 14500 | Lair:3   | Noticed Rupert
 14506 | Lair:3   | XOM: summons 1 hostile demon
 14509 | Lair:3   | Killed Rupert
 14510 | Lair:3   | Reached skill level 9 in Dodging
 14628 | Lair:3   | XOM: stat loss: -1 Str (15/16)
 14737 | Lair:3   | XOM: draining
 14902 | Lair:3   | Found a staircase to the Shoals.
 15117 | Lair:3   | XOM: smoke on damage
 15119 | Lair:3   | Reached skill level 14 in Fighting
 15134 | Lair:3   | Reached skill level 9 in Evocations
 15493 | Lair:3   | XOM: give mutations
 15493 | Lair:3   | Gained mutation: You are covered in thick fur. (AC +2)
                  | [Xom's mischief]
 15493 | Lair:3   | Gained mutation: Armour fits poorly on your strangely
                  | shaped body. [Xom's mischief]
 15493 | Lair:3   | Lost mutation: You are weak. (Str -2) [Xom's mischief]
 15573 | Lair:4   | Reached skill level 1 in Shields
 15632 | Lair:4   | Reached skill level 2 in Shields
 15636 | Lair:4   | XOM: summons 2 hostile shadow creatures
 15757 | Lair:4   | Reached skill level 10 in Dodging
 15803 | Lair:4   | XOM: silly message
 15859 | Lair:4   | XOM: noise
 15868 | Lair:4   | XOM: polymorph blink frog -> black bear
 15925 | Lair:4   | XOM: 1-stop teleportation journey
 16004 | Lair:4   | XOM: smoke on damage
 16186 | Lair:4   | Reached XP level 14. HP: 133/133 MP: 11/11
 16220 | Lair:4   | XOM: silly message
 16380 | Lair:4   | XOM: give mutations
 16380 | Lair:4   | Gained mutation: You have very sharp teeth. [Xom's
                  | mischief]
 16380 | Lair:4   | Lost mutation: You are covered in thick fur. (AC +2) [Xom's
                  | mischief]
 16467 | Lair:4   | XOM: silly message
 16670 | Lair:5   | Entered Level 5 of the Lair of Beasts
 16682 | Lair:5   | XOM: smoke on damage
 16683 | Lair:5   | XOM: cast spell 'Summon Small Mammal'
 16684 | Lair:5   | Reached skill level 3 in Shields
 16897 | Lair:5   | XOM: confuse monster(s)
 16919 | Lair:5   | XOM: enchant monster (good)
 16934 | Lair:5   | XOM: confusion (+ monsters)
 16942 | Lair:5   | XOM: fog
 16950 | Lair:5   | Reached skill level 4 in Shields
 16954 | Lair:5   | XOM: summons 2 friendly demons
 16959 | Lair:5   | Reached skill level 11 in Dodging
 16985 | Lair:5   | HP: 32/133 [death yak (14)]
 17177 | Lair:5   | XOM: silly message
 17363 | Lair:5   | Reached skill level 5 in Shields
 17370 | Lair:5   | Reached skill level 15 in Fighting
 17640 | Lair:5   | XOM: cleaving
 17660 | Lair:5   | Reached skill level 12 in Dodging
 17917 | Lair:5   | XOM: polymorph wolf -> shapeshifter
 17985 | Lair:5   | Reached skill level 6 in Shields
 17997 | Lair:5   | XOM: confusion
 17999 | Lair:5   | XOM: silly message
 18008 | Lair:5   | XOM: stat loss: -1 Int (8/9)
 18057 | Lair:5   | XOM: fog
 18112 | Lair:5   | XOM: fog
 18329 | Lair:3   | XOM: cloud trail
 18513 | Lair:5   | Reached skill level 13 in Dodging
 18513 | Lair:5   | Reached skill level 7 in Shields
 18531 | Lair:5   | XOM: summons 1 hostile demon
 18541 | Lair:5   | Found a staircase to the Slime Pits.
 18590 | Lair:5   | Learned a level 1 spell: Apportation
 18769 | Lair:5   | XOM: confuse monster(s)
 19476 | D:12     | XOM: god gift: 732 gold pieces
 19644 | D:13     | Identified the "Jehoas" (Xom gifted it to you on level 13
                  | of the Dungeon)
 19644 | D:13     | XOM: god gift: Xom's Elucidation of Bread
 19653 | D:13     | Learned a level 4 spell: Vhi's Electric Charge
 19681 | D:13     | XOM: swap monsters
 19682 | D:13     | XOM: fake destruction
 19816 | D:13     | XOM: potion effect (curing)
 19817 | D:13     | XOM: fog
 19970 | D:13     | Noticed Josephine
 19976 | D:13     | Killed Josephine
 20022 | D:13     | XOM: summons friendly ufetubus
 20027 | D:13     | Reached skill level 8 in Shields
 20052 | D:13     | XOM: potion effect (brilliance)
 20066 | D:13     | Reached XP level 15. HP: 82/141 MP: 12/12
 20066 | D:13     | XOM: summons 4 friendly demons
 20076 | D:13     | Found a large runed translucent door.
 20076 | D:13     | Found a large runed translucent door.
 20078 | D:13     | XOM: divine lightning
 20079 | D:13     | Reached skill level 14 in Dodging
 20086 | D:13     | Noticed Ithuta Obua's ghost (journeyman MiBe)
 20106 | D:13     | XOM: potion effect (brilliance)
 20114 | D:13     | XOM: summons friendly quasit
 20116 | D:13     | XOM: fog
 20116 | D:13     | HP: 33/141 [white ugly thing (10)]
 20122 | D:13     | HP: 28/141 [manticore/volley of spikes (7)]
 20437 | D:13     | XOM: give mutations
 20437 | D:13     | Gained mutation: You have sharp toenails. [Xom's grace]
 20437 | D:13     | Gained mutation: You have sharp fingernails. [Xom's grace]
 20456 | D:13     | XOM: summons 3 friendly demons
 20467 | D:13     | Found a sparkling altar of Nemelex Xobeh.
 20775 | D:13     | XOM: divination: magic mapping
 20871 | D:13     | HP: 29/141 [Ithuta Obua's ghost (22)]
 20874 | D:13     | Mangled by Ithuta Obua's ghost

Vanquished Creatures
  Rupert (Lair:3)
  Nessos (D:12)
  Josephine (D:13)
  Fannar (D:10)
  5 hydras (Lair:2 Lair:4 Lair:5 D:12)
  5 centaur warriors (D:13)
  An anaconda (Lair:5)
  4 two-headed ogres (D:10 D:11 D:12 D:13)
  A tengu warrior (D:13)
  2 boulder beetles (Lair:5 D:13)
  15 death yaks (D:11 Lair:2 Lair:3 Lair:5)
  A fire crab (Lair:5)
  The ghost of promet the Firebug, a novice OpFE of Vehumet (D:7)
  An orc knight (Bailey)
  An ugly thing (D:12)
  4 manticores (D:12 Lair:3)
  6 cyclopes (D:11 D:12 D:13)
  4 elephants (Lair:5)
  4 black mambas (Lair:2 Lair:4 Lair:5)
  10 cane toads (Lair:3 Lair:4 Lair:5)
  A gargoyle (D:12)
  2 torpor snails (Lair:3 Lair:5)
  An unseen horror zombie (D:9)
  4 rime drakes (Lair:4 Lair:5)
  8 komodo dragons (Lair:2 Lair:3 Lair:4 Lair:5)
  Maggie (D:7)
  A kobold demonologist (D:9)
  2 tengu conjurers (D:8 D:13)
  A queen bee (shapeshifter) (D:7)
  13 polar bears (Lair:2 Lair:5)
  A troll (D:11)
  A meliai (shapeshifter) (D:9)
  28 blink frogs (Lair:1 Lair:2 Lair:3 Lair:4 Lair:5)
  2 raiju (Lair:5)
  5 dream sheep (Lair:3)
  A jumping spider (shapeshifter) (Lair:5)
  47 yaks (D:8 D:9 D:11 Lair:2 Lair:4)
  3 slime creatures (D:7)
  4 shadows (D:5 D:10 D:12)
  A wyvern (Lair:1)
  A fire elemental (Lair:5)
  7 wraiths (D:8 D:9 D:13)
  4 basilisks (Lair:1 Lair:4)
  A basilisk (shapeshifter) (Lair:4)
  3 vampire mosquitoes (D:12)
  A steam dragon (D:8)
  9 wargs (D:7 D:10 Lair:5)
  13 hell hounds (Lair:5)
  14 water moccasins (D:8 Lair:1 Lair:2 Lair:4)
  15 orc warriors (Bailey D:8 D:6 D:7 D:11)
  14 black bears (D:5 D:7 Lair:4 Lair:5)
  An ice beast (D:5)
  2 ogres (D:6)
  37 wolves (Lair:1 Lair:2 Lair:5)
  13 centaurs (D:6 D:10 D:8 D:9 D:11)
  3 kobold brigands (D:10 D:8 D:9)
  10 bullfrogs (D:4 D:6 D:7 Lair:1 Lair:3)
  A wyvern zombie (D:9)
  4 scorpions (D:5 D:6 D:10)
  A wight (D:9)
  13 killer bees (D:8 D:9 D:10)
  6 howler monkeys (D:7 D:10 D:11 D:13)
  2 electric eels (D:7 Lair:5)
  A lava snake (Lair:5)
  2 centaur zombies (D:9)
  3 jellies (Lair:5)
  7 orc priests (D:3 D:5 D:6 D:7 D:12)
  2 hounds (D:5)
  A gnoll bouda (D:8)
  Ijyb (D:4)
  2 sleepcaps (D:5 D:6)
  Crazy Yiuf (D:4)
  4 iguanas (D:5 D:6)
  Natasha (D:4)
  12 orc wizards (D:6 D:8 D:7 D:9 D:10)
  8 hell rats (D:11 Lair:4)
  8 adders (D:2 D:3 D:4 D:5 D:6)
  9 gnolls (D:3 D:4 D:9 D:8)
  A river rat (D:11)
  3 white imps (D:5 D:6 D:7)
  3 dart slugs (D:1 D:2)
  64 orcs (D:3 D:4 D:5 D:6 D:7)
  4 bats (D:1 D:2)
  9 endoplasms (D:1 D:2 D:4)
  A giant cockroach (D:1)
  22 goblins (D:1 D:2 D:3 D:4 D:10)
  7 hobgoblins (D:1 D:2 D:3)
  11 jackals (D:1 D:4 D:5)
  8 quokkas (D:1 D:2 D:3 D:5 D:11)
  11 ball pythons (D:1 D:2 D:3 D:4)
  2 frilled lizards (D:1 D:3)
  19 kobolds (D:1 D:3 D:4 D:10 D:8)
  5 rats (D:1 D:2 D:11)
603 creatures vanquished.

Vanquished Creatures (collateral kills)
  2 two-headed ogres (D:10 D:11)
  A death yak (Lair:5)
  A centaur (D:13)
  A bullfrog (D:8)
  A goblin (D:3)
6 creatures vanquished.

Vanquished Creatures (others)
  A deep elf pyromancer (D:13)
  An ugly thing (D:12)
  A blink frog (Lair:5)
  A hell rat (D:11)
  An orc (D:8)
5 creatures vanquished.

Grand Total: 614 creatures vanquished

Table legend: (Time is in decaauts)
 A = Elapsed time spent in this place.
 B = Non-inter-level travel time spent in this place.
 C = Inter-level travel time spent in this place.
 D = Time resting spent in this place.
 E = Time spent auto-exploring this place.
 F = Levels seen in this place.
 G = Mean time per level.
                   A        B        C        D        E       F      G
               +--------+--------+--------+--------+--------+-----+--------+
         Total |  20327 |  19434 |    893 |   1931 |  13838 |  19 | 1069.8 |
       Dungeon |  12443 |  12002 |    441 |    855 |   9039 |  13 |  957.2 |
          Lair |   7309 |   6858 |    451 |   1026 |   4583 |   5 | 1461.8 |
        Bailey |    574 |    574 |      0 |     50 |    215 |   1 |  574.0 |
               +--------+--------+--------+--------+--------+-----+--------+

Top non-repeatable levels by time:
  Lair:5: 1998 daAuts
  Lair:4: 1579 daAuts
    D:12: 1563 daAuts
  Lair:3: 1404 daAuts
     D:8: 1404 daAuts
     D:3: 1319 daAuts
  Lair:1: 1185 daAuts
  Lair:2: 1142 daAuts
    D:10: 1064 daAuts
    D:11: 1008 daAuts
    D:13: 991 daAuts
     D:7: 918 daAuts
     D:9: 815 daAuts
     D:1: 784 daAuts
     D:5: 750 daAuts

Table legend:
 A = Non-vault XP
 B = Vault XP
 C = Vault XP percentage of total XP
 D = Non-vault monster count
 E = Vault monster count
 F = Vault count percentage of total count
                 A         B        C        D         E       F
            +---------+---------+-------+---------+---------+-------
      Total |   71040 |   36970 |  34.2 |     417 |     196 |  32.0
            +---------+---------+-------+---------+---------+-------
        D:1 |      55 |       7 |  11.3 |      29 |       4 |  12.1
        D:2 |      64 |       2 |   3.0 |      14 |       1 |   6.7
        D:3 |     118 |      20 |  14.5 |      15 |      10 |  40.0
        D:4 |     169 |     111 |  39.6 |      27 |       3 |  10.0
        D:5 |     508 |     346 |  40.5 |      19 |       2 |   9.5
        D:6 |     847 |     124 |  12.8 |      18 |       1 |   5.3
        D:7 |    1229 |    1787 |  59.3 |      22 |      12 |  35.3
        D:8 |     976 |    1726 |  63.9 |      25 |      15 |  37.5
        D:9 |    2897 |     637 |  18.0 |      30 |       5 |  14.3
       D:10 |    2590 |    1292 |  33.3 |      19 |       8 |  29.6
       D:11 |    3813 |    1733 |  31.2 |      15 |       9 |  37.5
       D:12 |    4995 |    2089 |  29.5 |      14 |       3 |  17.6
       D:13 |    5598 |    5884 |  51.2 |      12 |      13 |  52.0
     Lair:1 |    1097 |    1673 |  60.4 |       9 |       9 |  50.0
     Lair:2 |    8930 |    3080 |  25.6 |      32 |      14 |  30.4
     Lair:3 |   11679 |    2978 |  20.3 |      30 |       3 |   9.1
     Lair:4 |    7565 |       0 |   0.0 |      29 |       0 |   0.0
     Lair:5 |   17910 |   11662 |  39.4 |      58 |      62 |  51.7
     Bailey |       0 |    1819 | 100.0 |       0 |      22 | 100.0
            +---------+---------+-------+---------+---------+-------
